 Dungeon Crawl Stone Soup version 0.32-a0-913-g739538afd8 (webtiles) character file.

Game seed: 17053101964772722550

14718 RoseCult the Blocker (level 11, -8/91 (104) HPs)
             Began as a Minotaur Fighter on Apr 8, 2024.
             Was a Believer of Ru.
             Killed from afar by a laughing skull (23 damage)
             ... with a bolt of negative energy
             ... on level 2 of the Abyss.
             The game lasted 00:24:51 (12061 turns).

RoseCult the Blocker (Minotaur Fighter)            Turns: 12061, Time: 00:24:51

HP:   -8/91 (104)   AC: 22    Str: 24    XL:     11   Next: 92%
MP:   10/10         EV:  6    Int:  5    God:    Ru [**....]
Gold: 880           SH:  6    Dex: 11    Spells: 10/10 levels left

rFire   . . .        d - +1 morningstar (distort)
rCold   . . .        c - +0 buckler
rNeg    . . .        g - +3 plate armour
rPois   .            (helmet restricted)
rElec   .            (no cloak)
rCorr   .            G - +0 pair of gloves
SInv    .            F - +1 pair of boots {Fly}
Will    .....        (no amulet) Stlth
                     (no ring)
HPRegen 0.35/turn    (no ring)
MPRegen 0.12/turn

%: no passive effects
@: about to teleport, flying, heavily drained
A: horns 2, no conjurations magic, no earth magic, no alchemy magic, disrupted
magic 1, retaliatory headbutt, no forms
a: Renounce Religion


You were on level 2 of the Abyss.
You worshipped Ru.
Ru was pleased with you.
You visited 2 branches of the dungeon, and saw 12 of its levels.
You visited the Abyss 1 time.

You collected 880 gold pieces.

Inventory:

Hand Weapons
 a - a +0 flail
 d - a +1 morningstar of distortion (weapon)
Missiles
 n - 19 boomerangs (quivered)
 w - 26 poisoned darts
 D - 3 curare-tipped darts
Armour
 b - a +0 scale mail
 c - a +0 buckler (worn)
 g - a +3 plate armour (worn)
 o - a +0 pair of boots
 v - a scarf of shadows
 F - a +1 pair of boots of flying (worn)
 G - a +0 pair of gloves (worn)
Jewellery
 i - a ring of wizardry
 I - a ring of ice
 O - a ring of willpower
Wands
 t - a wand of acid (9)
 u - a wand of flame (38)
 C - a wand of polymorph (11)
 H - a wand of mindburst (8)
Scrolls
 f - a scroll of poison {unknown}
 h - a scroll of enchant weapon {unknown}
 p - a scroll of teleportation
 r - 3 scrolls of immolation
 s - 5 scrolls of revelation
 y - 2 scrolls of blinking {unknown}
 z - 2 scrolls of amnesia {unknown}
 A - a scroll of vulnerability {unknown}
 K - a scroll of brand weapon {unknown}
 M - a scroll of enchant armour
 N - a scroll of noise {unknown}
Potions
 e - 2 potions of curing
 j - a potion of cancellation {unknown}
 k - a potion of resistance {unknown}
 l - 3 potions of enlightenment
 m - 3 potions of attraction
 q - a potion of ambrosia {unknown}
 x - a potion of haste {unknown}
 B - a potion of lignification {unknown}
 J - a potion of berserk rage {unknown}
 L - a potion of brilliance {unknown}
 P - a potion of heal wounds {unknown}
Miscellaneous
 E - a phial of floods


   Skills:
 + Level 12.2 Fighting
 + Level 11.9 Maces & Flails
 + Level 12.2 Armour
 + Level 12.2 Shields


You had 10 spell levels left.
You didn't know any spells.
Your spell library contained the following spells:

 Spells                   Type           Power      Damage    Failure   Level
 Slow                     Hex            0%         N/A       100%        1
 Blink                    Tloc           0%         N/A       100%        2
 Call Imp                 Summ           0%         N/A       100%        2
 Confusing Touch          Hex            0%         N/A       100%        3
 Inner Flame              Hex/Fire       0%         N/A       100%        3
 Sigil of Binding         Hex            0%         N/A       100%        3
 Summon Ice Beast         Ice/Summ       0%         N/A       100%        3
 Vampiric Draining        Necr           0%         2d6       100%        3
 Death Channel            Necr           0%         N/A       100%        6
 Ignition                 Fire           0%         3d3       100%        8
 Magic Dart               Conj           Unusable   1d3       N/A         1
 Sting                    Conj/Alch      Unusable   1d3       N/A         1
 Mercury Vapours          Alch/Air       Unusable   N/A       N/A         2
 Searing Ray              Conj           Unusable   2d4       N/A         2
 Hailstorm                Conj/Ice       Unusable   3d5       N/A         3
 Fulminant Prism          Conj/Alch      Unusable   3d5       N/A         4
 Olgreb's Toxic Radiance  Alch           Unusable   N/A       N/A         4
 Irradiate                Conj/Alch      Unusable   3d11      N/A         5
 Permafrost Eruption      Ice/Erth       Unusable   2x4d1     N/A         6
 Sculpt Simulacrum        Ice/Alch       Unusable   N/A       N/A         6

Dungeon Overview and Level Annotations

Branches:
Dungeon (11/15)            Temple (1/1) D:6            Lair (0/5) D:10
    Orc (0/2) D:10

Altars:
Ashenzari
Cheibriados
Dithmenos
Elyvilon
Fedhas
Gozag
Hepliaklqana
Kikubaaqudgha
Makhleb
Nemelex Xobeh
Okawaru
Qazlal
Ru
Sif Muna
Trog
Uskayaw
Vehumet
Wu Jian
Xom
Yredelemnul
Zin
The Shining One

Shops:
D:3 [   D:5 *   D:7 [?

Annotations:
D:10 2 transporters, 1 exclusion, gosagan's ghost, journeyman VSBe
D:11 Erolcha


Innate Abilities, Weirdness & Mutations

You have a pair of horns on your head.
You cannot study or cast Conjurations magic.
You cannot study or cast Earth magic.
You cannot study or cast Alchemy magic.
Your casting is slightly disrupted.
You reflexively headbutt those who attack you in melee.
You cannot voluntarily change form.


Message History

You hear a chilling moan.
The laughing skull attacks as it pursues you!
The laughing skull headbutts you!
The laughing skull gibbers with scorn.
The bolt of negative energy hits you!
You feel drained.
* * * LOW HITPOINT WARNING * * *
The laughing skull headbutts you.
* * * LOW HITPOINT WARNING * * *
The laughing skull gibbers with scorn.
The bolt of negative energy hits you but does no damage.
Okay, then.
As you read the scroll of teleportation, it crumbles to dust.
You feel strangely unstable.
You feel the power of the Abyss delaying your translocation!
The laughing skull begins to attack, but is stunned by your conviction! x2
The laughing skull barely misses you.
You closely miss the laughing skull.
The laughing skull is heavily damaged.
The laughing skull headbutts you.
* * * LOW HITPOINT WARNING * * *
You block the laughing skull's attack.
The laughing skull headbutts you but does no damage.
The laughing skull headbutts you.
* * * LOW HITPOINT WARNING * * *
The laughing skull headbutts you but does no damage.
The laughing skull lets out a vicious peal of laugher.
The bolt of negative energy misses you.
The laughing skull headbutts you but does no damage.
The laughing skull attacks as it pursues you!
The laughing skull headbutts you but does no damage.
The laughing skull headbutts you but does no damage.
The laughing skull begins to attack, but is stunned by your conviction!
The laughing skull headbutts you but does no damage.
The laughing skull gibbers with scorn.
The bolt of negative energy hits the laughing skull.
The laughing skull completely resists.
The bolt of negative energy hits you!!
You feel drained.
You die...
The laughing skull crumbles to pieces from sheer joy.
Ru respects your ultimate sacrifice.

. . § . . . . . ... .
.. ...... . .. ... ...#
..... ........# ## ..
.. .......# #.## . .
#..##.##... ..##
..#.#...##.#
..#......#......@#
.....#.#...z.# . #
......##..##...# ##
#...#.#.#○.z# ...#
....#.. ####z.#..##..#
.#. .###..°○..##...##.#
..#.#.#.○○○..#..#.....#
##.#. ...#°#....#....
...........#. .....###


You could see a weeping skull and 2 laughing skulls.

Vanquished Creatures
  Fannar (D:11)
  2 two-headed ogres (D:9)
  A boulder beetle (D:8)
  A cyclops (D:11)
  A manticore (D:11)
  A komodo dragon (D:10)
  2 kobold demonologists
  Maggie (D:7)
  An unseen horror (D:10)
  A polar bear (D:10)
  Prince Ribbit (D:7)
  3 trolls (D:10)
  Sigmund (D:3)
  3 shadows
  3 wyverns
  An unseen horror simulacrum (D:10)
  Grum (D:11)
  11 yaks (D:10)
  Duvessa (D:7)
  2 acid dragons
  A water moccasin (D:6)
  A laughing skull (Abyss:2)
  A black bear (D:5)
  11 orc warriors
  A sky beast (D:7)
  6 ice beasts
  3 wolves
  A phantom (D:5)
  6 centaurs
  5 kobold brigands
  A gnoll sergeant (D:10)
  2 bullfrogs
  A scorpion (D:6)
  Dowan (D:7)
  4 wights (D:8)
  13 killer bees
  A howler monkey (D:8)
  A bombardier beetle (D:5)
  3 hounds
  4 orc priests
  2 gnoll boudas
  3 sleepcaps
  3 iguanas (D:5)
  Jessica (D:3)
  7 orc wizards
  2 centaur simulacra (D:10)
  5 adders
  25 gnolls
  A shadow imp (D:6)
  4 white imps
  A howler monkey simulacrum (D:10)
  4 ufetubi
  4 dart slugs
  2 ribbon worms
  35 orcs
  6 bats
  13 endoplasms
  3 giant cockroaches (D:4)
  8 goblins
  7 hobgoblins
  2 jackals (D:1)
  2 quokkas
  5 ball pythons
  8 frilled lizards
  19 kobolds
  5 rats
283 creatures vanquished.

Notes
Turn   | Place    | Note
-------+----------+-------------------------------------------
     0 | D:1      | RoseCult the Minotaur Fighter began the quest for the Orb.
     0 | D:1      | Reached XP level 1. HP: 19/19 MP: 0/0
   161 | D:1      | Reached XP level 2. HP: 27/27 MP: 1/1
  1025 | D:2      | Reached XP level 3. HP: 28/29 MP: 2/2
  1628 | D:2      | Found a shimmering altar of Xom.
  1937 | D:3      | Reached XP level 4. HP: 37/39 MP: 3/3
  2124 | D:3      | Found Zuifuoz's Armour Shop.
  2423 | D:3      | Noticed Jessica
  2426 | D:3      | Noticed Sigmund
  2429 | D:3      | Killed Jessica
  2430 | D:3      | Reached XP level 5. HP: 39/47 MP: 4/4
  2433 | D:3      | Killed Sigmund
  2434 | D:3      | Reached skill level 5 in Fighting
  2434 | D:3      | Reached skill level 5 in Armour
  2434 | D:3      | Reached skill level 5 in Shields
  2434 | D:3      | Reached XP level 6. HP: 48/56 MP: 5/5
  2835 | D:4      | Found a snail-covered altar of Cheibriados.
  3088 | D:4      | Found a shimmering altar of Xom.
  3135 | D:5      | Entered Level 5 of the Dungeon
  3375 | D:5      | Reached skill level 5 in Maces & Flails
  3375 | D:5      | Reached XP level 7. HP: 57/62 MP: 6/6
  3502 | D:5      | Found Ilydets's Assorted Antiques.
  4227 | D:6      | Reached XP level 8. HP: 71/71 MP: 7/7
  4235 | D:6      | Found a staircase to the Ecumenical Temple.
  4274 | Temple   | Entered the Ecumenical Temple
  4289 | Temple   | Became a worshipper of Ru the Awakened
  4600 | D:6      | Found a sparkling altar of Nemelex Xobeh.
  5182 | D:7      | Noticed Prince Ribbit
  5202 | D:7      | Killed Prince Ribbit
  5351 | D:7      | Found Qunipeir's Magic Scroll Shoppe.
  5364 | D:7      | Noticed Maggie
  5387 | D:7      | Killed Maggie
  5674 | D:7      | Reached XP level 9. HP: 79/81 MP: 8/8
  5701 | D:7      | Gained mutation: Your casting is slightly disrupted. [Ru
                  | sacrifice]
  5785 | D:7      | Found a white marble altar of Elyvilon.
  5785 | D:7      | Noticed Duvessa
  5786 | D:7      | Noticed Dowan
  5809 | D:7      | Killed Duvessa
  5839 | D:7      | Killed Dowan
  6008 | D:7      | Found Febaluw's Armour Shop.
  6270 | D:8      | Noticed an arcanist
  6274 | D:8      | Noticed a white ugly thing
  6308 | D:8      | Noticed a boulder beetle
  6962 | D:8      | Found a hide-covered altar of Uskayaw.
  7126 | D:8      | Noticed a kobold demonologist
  7132 | D:8      | Killed a kobold demonologist
  7141 | D:8      | Killed a boulder beetle
  7142 | D:8      | Reached XP level 10. HP: 55/91 MP: 9/9
  7437 | D:9      | Noticed a two-headed ogre
  7443 | D:9      | Killed a two-headed ogre
  7508 | D:9      | Found an ornate altar of the Wu Jian Council.
  7767 | D:9      | Identified the +1 spear "Nunwazack" {flame, Will+ Dex+2}
  7797 | D:9      | Found a stormy altar of Qazlal.
  7839 | D:9      | Noticed a two-headed ogre
  7847 | D:9      | Killed a two-headed ogre
  7848 | D:9      | Reached skill level 10 in Fighting
  7848 | D:9      | Reached skill level 10 in Armour
  7848 | D:9      | Reached skill level 10 in Shields
  8103 | D:10     | Entered Level 10 of the Dungeon
  8955 | D:10     | Found a staircase to the Lair.
  9003 | D:10     | Reached skill level 10 in Maces & Flails
  9006 | D:10     | Gained mutation: You cannot study or cast Earth magic. [Ru
                  | sacrifice]
  9006 | D:10     | Gained mutation: You cannot study or cast Alchemy magic.
                  | [Ru sacrifice]
  9006 | D:10     | Gained mutation: You cannot study or cast Conjurations
                  | magic. [Ru sacrifice]
  9006 | D:10     | Reached * piety under Ru
  9015 | D:10     | Found a transporter.
  9044 | D:10     | Noticed gosagan's ghost (journeyman VSBe)
  9269 | D:10     | Noticed a cyclops
  9269 | D:10     | Noticed a two-headed ogre
  9270 | D:10     | Noticed a six-headed hydra
  9437 | D:10     | Noticed a smoke demon
  9446 | D:10     | Reached XP level 11. HP: 21/101 MP: 10/10
  9971 | D:11     | Noticed Grum
  9979 | D:11     | Killed Grum
 10013 | D:11     | Found a blossoming altar of Fedhas.
 10517 | D:10     | Noticed a soul eater
 11168 | D:10     | Found a staircase to the Orcish Mines.
 11227 | D:10     | Found a transporter.
 11460 | D:11     | Gained mutation: You cannot voluntarily change form. [Ru
                  | sacrifice]
 11460 | D:11     | Reached ** piety under Ru
 11682 | D:11     | Noticed Fannar
 11700 | D:11     | Killed Fannar
 11970 | D:11     | Noticed Erolcha
 11977 | Abyss:2  | Found a corrupted altar of Lugonu.
 11977 | Abyss:2  | Found a corrupted altar of Lugonu.
 11977 | Abyss:2  | Found a corrupted altar of Lugonu.
 11977 | Abyss:2  | Cast into level 2 of the Abyss (Erolcha)
 12034 | Abyss:2  | Found a corrupted altar of Lugonu.
 12061 | Abyss:2  | Killed from afar by a laughing skull

Illustrated notes

Levels and vault maps discovered:
D:1:      minmay_arrival_loop, layout_basic
D:2:      layout_loops_ring, basic_altar, hangedman_glass_teeth,
          dreamdust_princess_corridor
D:3:      layout_basic, serial_shops, nicolae_square_shop, uniq_sigmund,
          uniq_jessica
D:4:      nicolae_BIG_FREAKIN_CUBE, layout_rooms,
          mainiacjoe_overflow_cross_hatched, mainiacjoe_overflow_brackets
D:5:      layout_basic, serial_shops, shop, minivault_14
D:6:      layout_loops_ring, nemelex_diamond_rough_becter,
          minmay_temple_entry_grid, hex_tiny, grunt_ministairs_1, minmay_holes
D:7:      layout_loops_cross, elyvilon_altar_5, serial_shops, shop,
          nicolae_shop_tiny_glass, uniq_duvessa, uniq_maggie,
          uniq_prince_ribbit1
D:8:      layout_loops_ring, lemuel_coloured_pillars_altar,
          minmay_misc_feat_alley, minmay_diamond_spiral
D:9:      layout_irregular_city, mainiacjoe_overflow_concentric_impassable,
          mainiacjoe_overflow_tiny_flanked
D:10:     layout_loops_ring, lair_entry_dummy, david_orc_4, serial_ice,
          serial_ice_j, serial_ice_f, serial_ice_n, serial_ice_g, serial_ice_a,
          serial_ice_e, nzn_ghost_randoct, minmay_statues_item,
          minmay_fountain_box, minmay_starry_boxes
D:11:     layout_gridville, portal_ice_cave_entry_pillars_1,
          minmay_misc_feat_diagonals, fedhas_altar_4, uniq_grum, uniq_fannar,
          uniq_erolcha
Temple:   minmay_freezing_vapour_temple
Abyss:2:  base:
D:9

Skill      XL: |  1  2  3  4  5  6  7  8  9 10 11 |
---------------+----------------------------------+-----
Fighting       | 4 5 6 7 9 10 12 | 12.2
Shields        | 4 5 6 8 9 10 12 | 12.2
Armour         | 4 5 6 7 9 10 12 | 12.2
Maces & Flails | 3 4 5 6 7 9 10 11 | 11.9

Action                     |  1- 3 |  4- 6 |  7- 9 | 10-12 || total
---------------------------+-------+-------+-------+-------++-------
  Melee: Flail             |    92 |   111 |   119 |       ||   322
         Headbutt          |    15 |    18 |    45 |    58 ||   136
         Morningstar       |       |       |   106 |   369 ||   475
 Invoke: Sacrifice Essence |       |       |     1 |       ||     1
         Sacrifice Arcana  |       |       |       |     1 ||     1
         Sacrifice Forms   |       |       |       |     1 ||     1
    Use: Potion            |       |     1 |     1 |     1 ||     3
         Scroll            |       |       |     8 |     4 ||    12
   Stab: Invisible         |       |       |       |     1 ||     1
 Armour: Scale mail        |    73 |    99 |    82 |       ||   254
         Plate armour      |       |       |   127 |   520 ||   647
  Dodge: Dodged            |    28 |    55 |    81 |   154 ||   318
  Block: Buckler           |    20 |    27 |    82 |   152 ||   281

Table legend: (Time is in decaauts)
 A = Elapsed time spent in this place.
 B = Non-inter-level travel time spent in this place.
 C = Inter-level travel time spent in this place.
 D = Time resting spent in this place.
 E = Time spent auto-exploring this place.
 F = Levels seen in this place.
 G = Mean time per level.
                   A        B        C        D        E       F      G
               +--------+--------+--------+--------+--------+-----+--------+
         Total |  12145 |  11463 |    682 |   3099 |   5809 |  13 |  934.2 |
       Dungeon |  12038 |  11356 |    682 |   3065 |   5809 |  11 | 1094.4 |
        Temple |     23 |     23 |      0 |      0 |      0 |   1 |   23.0 |
         Abyss |     83 |     83 |      0 |     34 |      0 |   1 |   83.0 |
               +--------+--------+--------+--------+--------+-----+--------+

Top non-repeatable levels by time:
    D:10: 1810 daAuts
     D:9: 1381 daAuts
    D:11: 1366 daAuts
     D:8: 1222 daAuts
     D:7: 1075 daAuts
     D:1: 988 daAuts
     D:6: 978 daAuts
     D:2: 942 daAuts
     D:5: 938 daAuts
     D:3: 722 daAuts
     D:4: 612 daAuts
 Abyss:2: 83 daAuts
  Temple: 23 daAuts
